 Dungeon Crawl Stone Soup version 0.29-a0-356-g7bc237e783 (webtiles) character file.

Game seed: 12621541041764278574

9 bastard the Sneak (level 2, 0/13 HPs)
             Began as a Spriggan Enchanter on Apr 26, 2022.
             Slain by a bat (1 damage)
             ... on level 1 of the Dungeon.
             The game lasted 00:00:29 (325 turns).

bastard the Sneak (Spriggan Enchanter)               Turns: 325, Time: 00:00:30

Health: 0/13       AC:  2    Str:  4    XL:     2   Next: 3%
Magic:  6/6        EV: 17    Int: 16    God:
Gold:   30         SH:  0    Dex: 15    Spells: 4/6 levels left

rFire   . . .      SeeInvis +   a - +1 dagger
rCold   . . .      Faith    .   (no shield)
rNeg    . . .      Spirit   .   b - +0 robe
rPois   .          Reflect  .   (helmet restricted)
rElec   .          Harm     .   (no cloak)
rCorr   .          Rampage  .   (gloves unavailable)
Will    .....                   (boots unavailable)
Stlth   +++.......              (no amulet)
HPRegen 0.04/turn               (no ring)
MPRegen 0.10/turn               (no ring)

@: very quick
A: very small, no large weapons, unfitting armour, see invisible, speed 3
a: no special abilities


You were on level 1 of the Dungeon.
You visited 1 branch of the dungeon, and saw 1 of its levels.

You collected 30 gold pieces.

Inventory:

Hand Weapons
 a - a +1 dagger (weapon)
Armour
 b - a +0 robe (worn)
Scrolls
 e - a scroll of teleportation {unknown}
 f - a scroll of identify {unknown}
 g - a scroll of enchant weapon {unknown}
 h - a scroll of magic mapping {unknown}
Potions
 c - 2 potions of invisibility
 d - a potion of berserk rage {unknown}


   Skills:
 - Level 1.1 Short Blades
 - Level 2.6 Dodging
 - Level 4.4 Stealth
 - Level 2.6 Spellcasting
 + Level 4.4 Hexes


You had 4 spell levels left.
You knew the following spells:

 Your Spells              Type           Power      Damage    Failure   Level
a - Ensorcelled Hibernat  Hex/Ice        18%        N/A       12%         2

Your spell library contained the following spells:

 Spells                   Type           Power      Damage    Failure   Level
 Confusing Touch          Hex            16%        N/A       10%         3
 Tukima's Dance           Hex            16%        N/A       10%         3
 Dazzling Flash           Conj/Hex       18%        N/A       24%         3


Dungeon Overview and Level Annotations

Branches:
Dungeon (1/15)

Altars:


Innate Abilities, Weirdness & Mutations

You are very small and have problems with some larger weapons.
You are too small for most types of armour.
You have supernaturally acute eyesight. (SInv)
You cover ground extremely quickly. (Speed+++)


Message History

You finish memorising.
Spell assigned to 'a'.
f - a scroll labelled KAICEERRUDGHEO You now have 30 gold pieces (gained 15).
g - a scroll labelled EZIRYR XEONODA
Found a stone staircase leading down.
h - a scroll labelled TUIB HURCHAO A bat and a kobold come into view.
Found a book of Necromancy.
There are monsters nearby!
An endoplasm comes into view.
A quokka comes into view.
Found a ring mail.
The kobold shouts!
The endoplasm quivers.
You hear a shout! x2
You closely miss the bat. The bat misses you.
The bat hits you but does no damage.
You barely miss the bat. The bat completely misses you.
A kobold comes into view. It is wielding a +0 short sword.
You closely miss the kobold. The bat misses you.
The kobold completely misses you.
You hit the kobold.
The kobold is severely wounded.
The bat hits you. The kobold hits you with a +0 whip.
You hit the kobold but do no damage.
The kobold is severely wounded.
The bat closely misses you. The endoplasm misses you.
The kobold barely misses you.
You closely miss the kobold.
The kobold is severely wounded.
The bat hits you. The kobold hits you with a +0 whip.
* * * LOW HITPOINT WARNING * * *
The endoplasm freezes you.
You are frozen.
* * * LOW HITPOINT WARNING * * *
The bat attacks as you move away! The bat completely misses you.
The bat misses you. The bat hits you but does no damage.
The bat attacks as you move away! The bat hits you.
You die...

#.#[......#.##.#
#.†...##..#....#
......†.#.##..######.#
..#.###.#.##..# #.# #
#.#.##..# #.# #.#.##..#
#.# #.#.##..# #.#
#.#.##..######.#
#.#.......@b.r.##########
#.#.................... #
#..........KK........
#.........J..........
+..>.................
#....................
####.##..........:.[.
#######.##..............
.........##########.....


You could see an endoplasm, a quokka, a bat and 2 kobolds.

Vanquished Creatures
  A bat (D:1)
  A giant cockroach (D:1)
  3 jackals (D:1)
  A frilled lizard (D:1)
  2 rats (D:1)
8 creatures vanquished.

Notes
Turn   | Place    | Note
-------+----------+-------------------------------------------
     0 | D:1      | bastard the Spriggan Enchanter began the quest for the Orb.
     0 | D:1      | Reached XP level 1. HP: 9/9 MP: 5/5
    53 | D:1      | Found a faded altar of an unknown god.
   171 | D:1      | Reached XP level 2. HP: 10/13 MP: 6/6
   248 | D:1      | Learned a level 2 spell: Ensorcelled Hibernation
   325 | D:1      | Slain by a bat

Illustrated notes

Levels and vault maps discovered:
D:1:      amcnicky_arrival_gap_in_the_tavern_cellar, layout_basic,
          basic_ecumenical_altar

Skill      XL: |  1 |
---------------+----+-----
Hexes          | 4 |  4.4
Short Blades   | |  1.1
Dodging        | |  2.6
Stealth        | |  4.4
Spellcasting   | |  2.6

Action                   || total
-------------------------++-------
Melee: Dagger            ||    32
 Stab: Sleeping          ||     2
Armor: Robe              ||    10
Dodge: Dodged            ||    30

Table legend: (Time is in decaauts)
 A = Elapsed time spent in this place.
 B = Non-inter-level travel time spent in this place.
 C = Inter-level travel time spent in this place.
 D = Time resting spent in this place.
 E = Time spent auto-exploring this place.
 F = Levels seen in this place.
 G = Mean time per level.
                   A        B        C        D        E       F      G
               +--------+--------+--------+--------+--------+-----+--------+
         Total |    233 |    233 |      0 |      0 |    161 |   1 |  233.0 |
       Dungeon |    233 |    233 |      0 |      0 |    161 |   1 |  233.0 |
               +--------+--------+--------+--------+--------+-----+--------+

Top non-repeatable levels by time:
     D:1: 233 daAuts
